 Dungeon Crawl Stone Soup version 0.32-a0-42-ga30500b4d3 (webtiles) character file.

Game seed: 15054570535767003211

71 GoblinSharpshooter the Magician (level 4, -2/30 HPs)
             Began as a Mummy Earth Elementalist on Feb 3, 2024.
             Slain by a kobold brigand
             ... wielding a +0 short sword
              (5 damage)
             ... in a sewer.
             The game lasted 00:03:00 (2100 turns).

GoblinSharpshooter the Magician (MuEE)              Turns: 2100, Time: 00:03:00

Health: -2/30      AC:  2    Str: 11    XL:     4   Next: 5%
Magic:  3/9        EV: 12    Int: 16    God:
Gold:   140        SH:  0    Dex: 12    Spells: 5/9 levels left

rFire   x . .        (no weapon)
rCold   + . .        (no shield)
rNeg    + + +        a - +0 robe
rPois   ∞            (no helmet)
rElec   .            (no cloak)
rCorr   .            (no gloves)
SInv    .            (no boots)
Will    .....        (no amulet)
Stlth   ++           (no ring)
HPRegen 0.25/turn    (no ring)
MPRegen 0.11/turn

%: faith
@: very slightly contaminated
A: cold resistance 1, negative energy resistance 3, torment resistance 2, heat
vulnerability 1, in touch with death 1, no potions, faith
a: no special abilities


You were in a sewer.
You visited 1 branch of the dungeon, and saw 3 of its levels.
You also visited: Sewer.

You collected 140 gold pieces.

Inventory:

Armour
 a - a +0 robe (worn)
Scrolls
 b - a scroll of identify {unknown}
 c - a scroll of poison {unknown}


   Skills:
 - Level 1.5 Dodging
 - Level 1.5 Stealth
 + Level 3.3 Spellcasting
 * Level 2.1 Conjurations
 * Level 3.1 Earth Magic


You had 5 spell levels left.
You knew the following spells:

 Your Spells              Type           Power      Damage    Failure   Level
a - Stone Arrow           Conj/Erth      22%        3d8       19%         3
s - Sandblast             Erth           24%        2d8       4%          1

Your spell library contained the following spells:

 Spells                   Type           Power      Damage    Failure   Level
 Sting                    Conj/Alch      24%        1d4       12%         1
 Passwall                 Erth           12%        N/A       14%         3
 Apportation              Tloc           4%         N/A       19%         1
 Necrotise                Necr           16%        1d4       19%         1
 Slow                     Hex            8%         N/A       19%         1
 Summon Small Mammal      Summ           8%         N/A       19%         1
 Ensorcelled Hibernation  Hex/Ice        4%         N/A       26%         2
 Confusing Touch          Hex            2%         N/A       47%         3
 Sigil of Binding         Hex            2%         N/A       47%         3
 Swiftness                Air            2%         N/A       47%         3
 Vampiric Draining        Necr           4%         2d6       47%         3
 Brom's Barrelling Bould  Conj/Erth      11%        2d3       52%         4
 Petrify                  Alch/Erth      7%         N/A       67%         4


Dungeon Overview and Level Annotations

Branches:
Dungeon (3/15)              Sewer (1/1)

Altars:

Shops:
D:2 *

Annotations:
D:3 Terence


Innate Abilities, Weirdness & Mutations

You are immune to poison.
Your flesh is cold resistant. (rC+)
You are immune to negative energy. (rN+++)
You are immune to unholy pain and torment.
You are vulnerable to heat. (rF-)
You are in touch with the powers of death.
You do not drink.
You have a special connection with the divine. (Faith)


Message History

The blast of sand hits the kobold.
You kill the kobold!
The kobold brigand shouts!
The kobold brigand throws a poisoned dart.
The poisoned dart closely misses you.
The poisoned dart hits the plant.
The kobold brigand throws a poisoned dart.
The poisoned dart hits you!
Unknown command.
The blast of sand hits the kobold brigand.
The kobold brigand is lightly wounded.
You miscast Sandblast.
You are very lightly contaminated with residual magic.
Nothing appears to happen.
The kobold brigand misses you.
The blast of sand hits the kobold brigand!
The kobold brigand is heavily wounded.
The kobold brigand hits you with a +0 whip of holy wrath!
You convulse.
The kobold brigand barely misses you. x2
The kobold brigand closely misses you.
The kobold brigand barely misses you. x2
Casting: Sandblast (safe; 4% risk of failure)
Confirm with . or Enter, or press ? or * to list all spells.
Aiming: Sandblast (safe; 4% risk of failure)
Press: ? - help, Shift-Dir - straight line, f/p - kobold brigand
Aim: a kobold brigand, wielding a +0 club and quivering curare-tipped darts (heavily wounded, 77% to hit)
The blast of sand hits the kobold brigand!
The kobold brigand is severely wounded.
The kobold brigand misses you.
The kobold brigand hits you with a +0 short sword.
The kobold brigand hits you with a +0 club.
Casting: Sandblast (safe; 4% risk of failure)
Confirm with . or Enter, or press ? or * to list all spells.
Aiming: Sandblast (safe; 4% risk of failure)
Press: ? - help, Shift-Dir - straight line, f/p - kobold brigand
Aim: a kobold brigand, wielding a +0 club and quivering curare-tipped darts (severely wounded, 77% to hit)
You miscast Sandblast.
Nothing appears to happen.
The kobold brigand hits you with a +0 whip of holy wrath!
* * * LOW HITPOINT WARNING * * *
You convulse.
* * * LOW HITPOINT WARNING * * *
The kobold brigand hits you with a +0 short sword.
You die...

~. ~~P
#################~~~
#≈~~~~~~~~~~~~~~~~~~
#≈≈~≈≈≈≈≈~≈≈≈≈≈~≈≈≈≈
#≈~~~~~~~~~~~~~~~~~~
###'########~~#######
#...#....#.~~~P~.....
#.∩.#.∩.)K@.~P†~.....
#.∩.#....KK..........
#####...!#...........
########.........
#.##.....# ### ######


You could see 3 kobold brigands.

Vanquished Creatures
  2 adders (D:3)
  2 river rats (D:3)
  A dart slug (D:1)
  4 bats
  4 endoplasms
  2 hobgoblins
  2 quokkas
  7 ball pythons
  5 frilled lizards
  2 goblins (D:1)
  A kobold (Sewer)
  4 rats
36 creatures vanquished.

Notes
Turn   | Place    | Note
-------+----------+-------------------------------------------
     0 | D:1      | GoblinSharpshooter the Mummy Earth Elementalist began the
                  | quest for the Orb.
     0 | D:1      | Reached XP level 1. HP: 13/13 MP: 4/4
    54 | D:1      | Reached skill level 1 in Conjurations
   142 | D:1      | Reached XP level 2. HP: 19/19 MP: 3/5
   930 | D:2      | Found Ifogu Kegel's General Store.
  1543 | D:2      | Reached XP level 3. HP: 24/24 MP: 5/7
  1634 | D:2      | Learned a level 3 spell: Stone Arrow
  1872 | D:3      | Noticed Terence
  1986 | D:3      | Reached XP level 4. HP: 26/30 MP: 1/9
  2062 | D:3      | Found a glowing drain.
  2068 | Sewer    | Entered a sewer
  2094 | Sewer    | Noticed a kobold brigand
  2094 | Sewer    | Noticed a kobold brigand
  2094 | Sewer    | Noticed a kobold brigand
  2100 | Sewer    | Slain by a kobold brigand

Illustrated notes

Levels and vault maps discovered:
D:1:      dpeg_arrival_tiny_c, layout_loops_cross
D:2:      layout_basic, serial_shops, shop, nrook_campfire
D:3:      layout_loops_ring, lemuel_tele_altar, lightli_sewer_entry_pipes,
          shapermc_ecumenical_altar_flowoftime, uniq_terence, uniq_natasha,
          uniq_ijyb
Sewer:    kennysheep_pipe_town

Skill      XL: |  1  2  3 |
---------------+----------+-----
Conjurations   | 1 2 |  2.1
Spellcasting   | 3 |  3.3
Earth Magic    | 3 |  3.1
Dodging        | |  1.5
Stealth        | |  1.5

Action                     |  1- 3 |  4- 6 || total
---------------------------+-------+-------++-------
   Cast: Sandblast         |    51 |     5 ||    56
 Armour: Robe              |    11 |     5 ||    16
  Dodge: Dodged            |    15 |    10 ||    25

Table legend: (Time is in decaauts)
 A = Elapsed time spent in this place.
 B = Non-inter-level travel time spent in this place.
 C = Inter-level travel time spent in this place.
 D = Time resting spent in this place.
 E = Time spent auto-exploring this place.
 F = Levels seen in this place.
 G = Mean time per level.
                   A        B        C        D        E       F      G
               +--------+--------+--------+--------+--------+-----+--------+
         Total |   2150 |   1979 |    171 |      0 |   1759 |   4 |  537.5 |
       Dungeon |   2108 |   1937 |    171 |      0 |   1732 |   3 |  702.7 |
         Sewer |     41 |     41 |      0 |      0 |     26 |   1 |   41.0 |
               +--------+--------+--------+--------+--------+-----+--------+

Top non-repeatable levels by time:
     D:1: 918 daAuts
     D:2: 848 daAuts
     D:3: 342 daAuts
   Sewer: 41 daAuts
